Map: Berlingrad LE

Players

CBagRun

  • Race: Terran Terran

HORSES - Winner!

  • Race: Zerg Zerg

VOD

Have the link to the VOD?

Description

Time

  • Played on: Dec. 13, 2021, 6:46 a.m.
  • Length: 22:13
Show
View Real Time Build Order
Export as new Build Order

CBagRun Terran 

Build Orders:  

Get SALT Encoding   

  12  0:00  SCV  
  13  0:18  Engineering Bay  
  13  0:20  SCV  
  14  0:34  Refinery  
  14  0:36  Refinery  
  14  0:54  Supply Depot  
  14  1:00  Supply Depot  
  14  1:02  SCV  
  15  1:27  Supply Depot  
  15  1:50  Planetary Fortress  
  15  2:02  Barracks  
  15  2:32  SCV  
  16  2:44  SCV  
  17  2:52  Barracks  
  17  2:57  SCV  
  18  3:02  Barracks Reactor  
  18  3:13  Terran Infantry Weapons Level 1  
  18  3:19  SCV  
  19  3:31  SCV  
  20  3:43  SCV  
  20  3:47  Marine x2  
  23  3:55  SCV  
  24  4:05  Marine x2  
  24  4:07  SCV  
  27  4:19  SCV  
  27  4:23  Reaper x2  
  30  4:31  SCV  
  31  4:43  SCV  
  28  4:55  Reaper x2, SCV  
  30  5:07  Terran Infantry Armor Level 1  
  30  5:08  SCV  
  31  5:20  SCV  
  32  5:23  Command Center  
  32  5:27  Marine x2  
  34  5:32  Supply Depot  
  34  5:44  Marine  
  34  5:45  Marine  
  36  5:59  Sensor Tower  
  36  6:02  Marine  
  36  6:03  Marine  
  38  6:20  Marine  
  38  6:21  Marine  
  40  6:38  Marine x2  
  42  6:40  SCV  
  43  6:53  SCV  
  44  6:56  Marine  
  45  7:01  Neosteel Armor  
  45  7:03  Barracks  
  45  7:05  SCV  
  45  7:07  Barracks  
  46  7:11  Barracks  
  46  7:12  SCV  
  47  7:17  SCV  
  48  7:24  SCV  
  48  7:29  Marine x2, SCV  
  52  7:41  SCV  
  53  7:47  Marine, Reaper  
  55  7:53  SCV  
  56  8:05  Reaper  
  57  8:13  Refinery  
  57  8:14  Refinery  
  57  8:19  Marine  
  58  8:23  Barracks Tech Lab  
  58  8:25  Barracks Tech Lab  
  58  8:37  Reaper, Marine  
  60  8:41  Hi-Sec Auto Tracking  
  60  8:42  SCV  
  61  8:54  SCV  
  62  9:00  Supply Depot  
  62  9:07  Supply Depot  
  62  9:14  Supply Depot  
  62  9:18  Supply Depot  
  62  9:20  Supply Depot  
  62  9:21  Reaper x2, SCV  
  62  9:22  Marauder x2  
  69  9:25  Marine  
  70  9:33  SCV  
  71  9:42  Marine  
  71  9:43  Marauder x2  
  76  9:45  SCV  
  76  9:47  Ghost Academy  
  76  9:49  Factory  
  77  9:53  Reaper x2  
  77  9:58  SCV  
  80  10:00  Marine  
  80  10:04  Marauder x2  
  85  10:10  SCV  
  86  10:18  Marine  
  87  10:22  SCV  
  87  10:25  Reaper x2  
  87  10:26  Marauder x2  
  94  10:34  SCV  
  95  10:36  Marine  
  96  10:46  Sensor Tower  
  96  10:47  Marauder x2  
  100  10:51  Starport  
  100  10:52  Sensor Tower  
  100  10:58  Reaper x2  
  102  11:17  Nuke  
  102  11:48  Supply Depot  
  102  11:52  Supply Depot  
  102  12:07  Supply Depot  
  102  12:09  Ghost  
  102  12:10  Widow Mine  
  102  12:11  Ghost  
  108  12:31  Widow Mine  
  110  12:38  Ghost  
  110  12:39  Ghost  
  114  12:53  Widow Mine  
  116  13:06  Ghost  
  116  13:07  Reaper  
  116  13:08  Ghost  
  116  13:09  Marine x2  
  123  13:23  Supply Depot  
  123  13:27  Marine x2  
  125  13:39  Reaper  
  126  13:44  Marine x2, Ghost x2  
  126  13:46  Supply Depot  
  132  14:02  Marine x2  
  134  14:11  Reaper  
  134  14:12  Ghost x2  
  136  14:35  Nuke  
  136  14:41  Marine  
  136  14:42  Marauder  
  136  14:43  Reaper  
  140  14:46  Supply Depot  
  140  14:56  Supply Depot  
  140  14:59  Marine  
  141  15:03  Marauder  
  139  15:15  Reaper  
  139  15:17  Marine  
  137  15:25  Marauder  
  125  15:34  Marine  
  126  15:43  Marine x2  
  126  15:46  Marauder  
  126  15:47  Reaper  
  131  15:53  Marauder  
  133  16:01  Marine x2  
  133  16:02  Fusion Core  
  135  16:07  Marine  
  136  16:12  Supply Depot  
  136  16:14  Marauder  
  136  16:15  Supply Depot  
  138  16:18  Marine  
  138  16:19  Marine  
  138  16:20  Reaper, Supply Depot  
  138  16:23  Supply Depot  
  138  16:25  Marine  
  142  16:26  Supply Depot  
  142  16:36  Marine, Marauder  
  142  16:37  Marine  
  146  16:43  Marine  
  147  16:47  Command Center  
  147  16:52  Reaper  
  148  16:57  Marauder  
  148  17:00  Marine, Missile Turret  
  151  17:13  Missile Turret  
  151  17:17  Missile Turret  
  151  17:19  Marauder, Missile Turret  
  153  17:24  Reaper  
  153  17:26  Missile Turret  
  154  17:30  Missile Turret  
  154  17:39  Ghost  
  125  18:30  Starport Tech Lab, Ghost  
  125  18:32  Ghost  
  129  18:35  Reaper x2  
  129  18:37  Reaper  
  132  18:58  Ghost  
  132  19:00  Ghost  
  136  19:03  Battlecruiser  
  136  19:07  Reaper x2  
  136  19:09  Reaper  
  145  19:27  Ghost  
  145  19:29  Ghost  
  149  19:41  Reaper  
  150  19:54  Sensor Tower  
  150  19:56  Ghost  
  150  19:57  Ghost  
  154  20:02  SCV  
  155  20:07  Battlecruiser  
  155  20:13  Reaper  
  155  20:14  SCV  
  163  20:24  Ghost  
  167  20:35  Marauder  
  167  20:38  Reaper  
  167  20:39  Reaper  
  169  20:45  Reaper  
  170  20:51  Refinery  
  170  20:56  Refinery  
  172  20:57  Marauder  
  172  21:09  Sensor Tower  
  172  21:10  Reaper  
  172  21:11  Reaper  
  145  21:18  Marauder  
  27  21:40  Marauder, Ghost  
Show
View Real Time Build Order
Export as new Build Order

HORSES Zerg - Winner!

Build Orders: Pool First 

Get SALT Encoding   

  12  0:03  Drone  
  13  0:12  Overlord  
  13  0:16  Drone  
  14  0:45  Drone x3  
  17  0:53  Spawning Pool  
  16  1:00  Drone  
  17  1:13  Drone  
  17  1:17  Extractor  
  17  1:28  Drone  
  17  1:32  Hatchery  
  17  1:41  Drone x2  
  17  1:42  Evolution Chamber  
  17  1:46  Queen  
  20  1:51  Drone  
  21  2:01  Drone  
  22  2:19  Overlord  
  22  2:27  Extractor  
  21  2:31  Drone  
  21  2:34  Overlord  
  22  2:41  Metabolic Boost  
  22  2:45  Zergling x2  
  22  2:46  Zergling x2  
  24  2:57  Drone x4  
  28  3:00  Zergling x2  
  29  3:09  Zergling x2  
  29  3:11  Queen  
  32  3:13  Lair  
  32  3:17  Zergling x2  
  32  3:18  Drone  
  34  3:31  Zergling x2  
  34  3:32  Zergling x2  
  34  3:33  Zergling x2  
  37  3:42  Drone  
  38  3:50  Zerg Melee Weapons Level 1  
  38  3:56  Zergling x4  
  38  3:58  Zergling x6  
  38  3:59  Zergling x2  
  44  4:29  Overlord x2  
  44  4:30  Overlord x2  
  30  5:05  Overlord x2  
  30  5:15  Drone  
  30  5:17  Drone  
  30  5:19  Zergling x8  
  36  5:24  Drone x6  
  42  5:38  Drone x4  
  46  5:44  Zerg Ground Armor Level 1  
  46  5:58  Drone x2  
  46  6:01  Drone  
  46  6:02  Drone x2  
  51  6:06  Queen  
  53  6:11  Drone x2  
  53  6:12  Drone  
  56  6:27  Spire  
  56  6:31  Evolution Chamber  
  54  6:35  Roach Warren  
  53  6:40  Pneumatized Carapace  
  53  6:42  Queen  
  55  6:53  Zergling x12  
  61  7:12  Drone  
  61  7:14  Drone x8  
  61  7:15  Drone  
  71  7:24  Hatchery  
  70  7:50  Zerg Melee Weapons Level 2  
  70  7:52  Zerg Ground Armor Level 2  
  70  7:53  Glial Reconstitution  
  70  8:16  Drone x5  
  70  8:17  Drone  
  76  8:23  Drone x2  
  76  8:24  Drone x4  
  82  8:49  Zerg Flyer Weapons Level 1  
  82  8:50  Evolution Chamber  
  82  8:53  Roach  
  82  8:54  Roach x3  
  89  8:56  Overlord x3  
  89  9:06  Extractor  
  89  9:08  Extractor  
  89  9:09  Roach  
  89  9:32  Drone x3  
  89  9:33  Queen  
  94  9:49  Roach x5  
  94  9:50  Roach  
  94  9:51  Roach x2  
  94  9:52  Roach  
  112  10:08  Zerg Missile Weapons Level 1  
  112  10:09  Spore Crawler  
  111  10:16  Nydus Network  
  111  10:21  Infestation Pit  
  109  10:27  Roach  
  109  10:28  Roach  
  113  10:31  Overlord x5  
  113  10:43  Drone, Zerg Flyer Armor Level 1  
  114  10:52  Drone x3  
  114  10:55  Drone x2  
  120  10:57  Drone  
  120  11:00  Roach x2  
  124  11:09  Nydus Canal  
  124  11:14  Drone x2  
  124  11:15  Drone  
  127  11:37  Roach x5  
  127  11:38  Roach  
  139  11:48  Hive  
  139  11:49  Lair  
  139  11:51  Lair  
  139  11:52  Drone x2  
  139  11:53  Drone x3  
  144  11:57  Extractor  
  144  12:00  Extractor  
  142  12:26  Corruptor x4  
  150  12:31  Zergling x8  
  150  12:35  Overlord x3  
  154  12:39  Zerg Missile Weapons Level 2  
  154  13:07  Drone  
  154  13:08  Drone x6  
  161  13:13  Corruptor x2  
  165  13:33  Ultralisk Cavern  
  164  13:36  Overlord x4  
  164  13:37  Overlord  
  164  14:23  Ultralisk  
  164  14:24  Ultralisk x5  
  191  15:19  Ultralisk  
  159  15:45  Overseer  
  159  15:47  Overseer  
  159  16:01  Roach x2  
  159  16:02  Roach x6  
  175  16:27  Zergling x10  
  175  16:28  Zergling x16  
  175  16:29  Zergling x6  
  175  16:32  Roach x4  
  199  16:53  Hatchery  
  198  16:57  Extractor  
  197  17:01  Extractor  
  119  18:11  Roach x4  
  127  18:16  Ultralisk x3  
  145  18:21  Ultralisk x4  
  169  18:27  Chitinous Plating  
  169  18:30  Zerg Flyer Weapons Level 2  
  169  18:32  Zerg Ground Armor Level 3  
  169  18:33  Zerg Missile Weapons Level 3  
  169  18:34  Zerg Melee Weapons Level 3  
  169  18:37  Drone  
  171  18:48  Drone x3  
  173  19:05  Roach x6  
  173  19:06  Roach x3  
  191  19:11  Mutalisk x3  
  197  19:31  Mutalisk  
  199  19:45  Overlord x3  
  199  20:00  Anabolic Synthesis, Ultralisk Cavern  
Tags
 
Matchup
TvZ
Opening
Pool First
Replay Pack
re
Add a new tag
Caveats
  • Supply blocks, unpowered buildings, or Contaminate may cause inaccurate times.
  • Supply counts are checked every 10 seconds.